Predators vs Jets

Created - Monday, January 25, 2016 at 12:16

Goals
1 2 3 T
Predators 0 1 1 2
Jets 2 1 2 5
Shots
1 2 3 T
Predators 10 9 8 27
Jets 10 2 12 24

1st period

1. Jets , Wayne Simmonds 16 (John Tavares, Victor Hedman) at 9:26
2. Jets , Marc Staal 4 (Max Pacioretty, Jussi Jokinen) at 16:09 (PP)

Penalties :
Josh Manson (Wpg) for Holding (Minor) at 1:26, Ryan Getzlaf (Wpg) for High sticking (Minor) at 1:50, Josh Manson (Wpg) for Tripping (Minor) at 6:57, John Tavares (Wpg) for Roughing (Minor) at 13:20, Roman Josi (Nsh) for Hooking (Minor) at 15:07, Jarret Stoll (Wpg) for Interference (Minor) at 17:08

2nd period

3. Predators , Trevor Daley 2 (Valtteri Filppula, Tomas Plekanec) at 0:08
4. Jets , Max Pacioretty 40 (Claude Giroux) at 6:04 (PP)

Penalties :
Jarret Stoll (Wpg) for Hooking (Minor) at 1:57, Marcus Kruger (Nsh) for Hooking (Minor) at 5:25, Evander Kane (Nsh) for Slashing (Minor) at 8:33, Evander Kane (Nsh) for Tripping (Minor) at 11:03, Filip Forsberg (Wpg) for Cross-checking (Minor) at 15:09

3rd period

5. Predators , Evander Kane 13 (Nick Schultz, Roman Josi) at 4:29
6. Jets , Wayne Simmonds 17 (John Tavares, Jonathan Quick) at 13:01
7. Jets , Alex Ovechkin 45 (Victor Hedman) at 15:35 (PP)

Penalties :
Dan Boyle (Nsh) for High sticking (Minor) at 6:16, Nick Schultz (Nsh) for Roughing (Double Minor) at 14:25

Goalie Stats

Jimmy Howard (Nsh), 19 saves from 24 shots - (0.792), L, 22-20-1, 60:00 minutes
Jonathan Quick (Wpg), 25 saves from 27 shots - (0.926), W, 15-24-3, 60:00 minutes

Players Stats for Predators

Player Name              G  A  P  +/- PIM S  H  SB GA TA FO     MP     PP MP  PK MP  
------------------------------------------------------------------------------------
Andrew Cogliano          0  0  0   0  0   0  0  0  2  0  0/1    12:38   0:00   6:16 
Cal Clutterbuck          0  0  0   0  0   2  2  0  0  0  0/0    11:06   0:00   0:00 
Dan Boyle                0  0  0  -2  2   2  1  0  0  0  0/0    17:42   5:16   0:00 
Danny DeKeyser           0  0  0  -2  0   1  1  3  0  1  0/0    20:07   5:16   2:07 
Dennis Seidenberg        0  0  0   0  0   1  0  0  0  1  0/0    15:05   0:00   4:12 
Eric Fehr                0  0  0   0  0   0  0  0  0  0  0/0     6:48   0:00   0:00 
Evander Kane             1  0  1   1  4   3  8  1  3  0  0/0    18:14   5:58   0:00 
Marcus Kruger            0  0  0   0  2   3  1  0  6  1  6/13   15:20   0:00   3:51 
Nick Schultz             0  1  1   1  4   1  0  3  0  1  0/0    13:54   0:00   4:16 
Nikolay Kulemin          0  0  0   0  0   2  2  0  1  0  0/0    15:43   0:22   3:51 
Patrice Bergeron         0  0  0   0  0   0  3  0  2  0  5/12   17:36   6:08   0:00 
Patrick Maroon           0  0  0   0  0   0  0  0  0  0  0/0     0:00   0:00   0:00 
Radim Vrbata             0  0  0  -1  0   2  1  0  3  0  0/2    12:34   6:08   0:00 
Roman Josi               0  1  1   2  2   2  3  1  1  0  0/0    27:27   6:49   6:23 
Tomas Hertl              0  0  0   1  0   1  0  0  0  0  0/0    18:20   5:58   0:28 
Tomas Plekanec           0  1  1   0  0   1  0  0  1  0  14/21  21:00   5:36   6:44 
Trevor Daley             1  0  1   1  0   3  0  2  1  1  0/0    26:11   6:50   4:12 
Valtteri Filppula        0  1  1  -1  0   3  2  0  2  0  1/2    19:22   6:08   0:00 

Players Stats for Jets

Player Name              G  A  P  +/- PIM S  H  SB GA TA FO     MP     PP MP  PK MP  
------------------------------------------------------------------------------------
Alex Ovechkin            1  0  1   0  0   4  4  0  5  0  1/3    14:28   4:47   0:00 
Blake Wheeler            0  0  0   0  0   1  0  0  0  0  1/2    17:26   4:24   2:57 
Claude Giroux            0  1  1  -1  0   0  2  0  1  0  5/11   15:59   5:48   2:08 
Colin Wilson             0  0  0   1  0   2  0  0  2  0  0/1    11:20   0:00   0:00 
Derek Roy                0  0  0   0  0   0  0  0  0  1  1/1     7:22   0:00   0:00 
Filip Forsberg           0  0  0   0  2   1  0  0  0  0  0/0     7:44   0:00   0:00 
Jake Muzzin              0  0  0   1  0   0  1  2  0  0  0/0    12:01   0:00   0:00 
Jarret Stoll             0  0  0   0  4   1  2  0  0  0  5/7    11:20   0:00   3:05 
John Carlson             0  0  0  -2  0   0  0  1  0  1  0/0    26:40   5:24   6:04 
John Tavares             0  2  2   1  2   2  0  0  4  0  3/3    11:42   0:23   0:00 
Josh Manson              0  0  0   1  4   0  1  1  0  2  0/0    12:21   0:00   0:11 
Jussi Jokinen            0  1  1  -1  0   1  0  3  1  2  0/0    21:31   5:48   7:23 
Marc Staal               1  0  1   1  0   1  0  1  0  2  0/0    21:19   5:11   6:02 
Max Pacioretty           1  1  2  -1  0   3  4  0  0  0  0/0    13:02   5:48   0:00 
Oliver Ekman-Larsson     0  0  0  -2  0   0  2  1  0  1  0/0    26:40   5:24   6:04 
Ryan Getzlaf             0  0  0   0  2   3  2  2  0  0  9/23   22:26   4:47   6:52 
Victor Hedman            0  2  2   1  0   1  0  2  0  3  0/0    21:19   5:11   6:02 
Wayne Simmonds           2  0  2   1  0   4  5  0  0  0  0/0    11:20   0:00   0:00 

3 Stars

1 - Wayne Simmonds (Wpg)
2 - Max Pacioretty (Wpg)
3 - Alex Ovechkin (Wpg)

Power Play

Predators - 0 on 7 Attempt(s) - 0.00%
Jets - 3 on 7 Attempt(s) - 42.86%

Penalty Kill

Predators - 4 on 7 Attempt(s) - 57.14% - Score 0 goal in Penalty Kill
Jets - 7 on 7 Attempt(s) - 100.00% - Score 0 goal in Penalty Kill

Team Stat

Predators - Hits : 24 - Faceoff Wins : 26 - Blocked Shots : 10 - Penalty Minutes : 14
Jets - Hits : 23 - Faceoff Wins : 25 - Blocked Shots : 13 - Penalty Minutes : 14

Official

Referees : Unknown
Linesman : Unknown

Game Notes

No Game Note

Finance

Level 1 -- Attendance: 6000 (100.00%) -- Ticket Income $510,000
Level 2 -- Attendance: 3599 (71.98%) -- Ticket Income $197,945
Level 3 -- Attendance: 1971 (98.55%) -- Ticket Income $59,130
Level 4 -- Attendance: 2900 (72.50%) -- Ticket Income $58,000
Luxury Box -- Attendance: 983 (98.30%) -- Ticket Income $157,280
Game was played at the MTS Center.
Total Attendance: 15453 (85.85%)
Total Ticket Income: $982,355
Other Income: $481,354
Total Income: $1,463,709

Predators

5 vs 5 Forward 
   Center                   Left Wing                Right Wing               Time % Phy DF OF 
 1 Patrice Bergeron         Evander Kane             Tomas Hertl              25     1   1  3  
 2 Valtteri Filppula        Andrew Cogliano          Radim Vrbata             25     0   2  3  
 3 Marcus Kruger            Nikolay Kulemin          Cal Clutterbuck          25     1   3  1  
 4 Tomas Plekanec           Valtteri Filppula        Eric Fehr                25     0   2  3  

5 vs 5 Defense 
   Defense                  Defense                                           Time % Phy DF OF 
 1 Roman Josi               Nick Schultz                                      28     0   4  1  
 2 Dennis Seidenberg        Trevor Daley                                      28     0   4  1  
 3 Danny DeKeyser           Dan Boyle                                         24     0   5  0  
 4 Roman Josi               Trevor Daley                                      20     0   4  1  

PowerPlay Forward 
   Center                   Left Wing                Right Wing               Time % Phy DF OF 
 1 Patrice Bergeron         Valtteri Filppula        Radim Vrbata             55     0   0  5  
 2 Tomas Plekanec           Evander Kane             Tomas Hertl              45     1   0  4  

PowerPlay Defense
   Defense                  Defense                                           Time % Phy DF OF 
 1 Roman Josi               Trevor Daley                                      60     0   1  4  
 2 Danny DeKeyser           Dan Boyle                                         40     0   1  4  

Penalty Kill 4 Players Forward 
   Center                   Wing                     Time % Phy DF OF 
 1 Tomas Plekanec           Andrew Cogliano          55     0   4  1  
 2 Marcus Kruger            Nikolay Kulemin          45     0   4  1  

Penalty Kill 4 Players Defense
   Defense                  Defense                  Time % Phy DF OF 
 1 Roman Josi               Nick Schultz             55     0   4  1  
 2 Dennis Seidenberg        Trevor Daley             45     0   4  1  

Penalty Kill - 3 Players Forward 
   Forward                                           Time % Phy DF OF 
 1 Andrew Cogliano                                   50     0   5  0  
 2 Marcus Kruger                                     50     0   5  0  

Penalty Kill - 3 Players Defense
   Defense                  Defense                  Time % Phy DF OF 
 1 Roman Josi               Nick Schultz             50     0   5  0  
 2 Dennis Seidenberg        Trevor Daley             50     0   5  0  

4 vs 4 Forward 
   Center                   Wing                     Time % Phy DF OF 
 1 Tomas Plekanec           Valtteri Filppula        50     0   2  3  
 2 Patrice Bergeron         Radim Vrbata             50     0   2  3  

4 vs 4 Defense
   Defense                  Defense                  Time % Phy DF OF 
 1 Roman Josi               Dennis Seidenberg        55     0   4  1  
 2 Danny DeKeyser           Trevor Daley             45     0   4  1  

Last Minutes Offensive
   Center                   Left Wing                Right Wing               Defense                  Defense                  
   Patrice Bergeron         Valtteri Filppula        Radim Vrbata             Roman Josi               Trevor Daley             

Last Minutes Defensive
   Center                   Left Wing                Right Wing               Defense                  Defense                  
   Tomas Plekanec           Evander Kane             Andrew Cogliano          Roman Josi               Dennis Seidenberg        

Goaltenders
Starting : Jimmy Howard             
Backup : Kari Lehtonen            

Extra Forwards
Normal : Patrice Bergeron, Valtteri Filppula, Radim Vrbata - PP : Nikolay Kulemin, Eric Fehr - PK : Evander Kane
Extra Defensemen
Normal : Roman Josi, Trevor Daley, Danny DeKeyser - PP : Dennis Seidenberg - PK : Danny DeKeyser, Nick Schultz
Penalty Shots
Patrice Bergeron, Radim Vrbata, Eric Fehr, Roman Josi, Valtteri Filppula

Jets

5 vs 5 Forward 
   Center                   Left Wing                Right Wing               Time % Phy DF OF 
 1 Ryan Getzlaf             Alex Ovechkin            Blake Wheeler            35     1   2  2  
 2 Claude Giroux            Max Pacioretty           Jussi Jokinen            30     1   2  2  
 3 John Tavares             Wayne Simmonds           Colin Wilson             22     1   2  2  
 4 Jarret Stoll             Filip Forsberg           Derek Roy                13     1   2  2  

5 vs 5 Defense 
   Defense                  Defense                                           Time % Phy DF OF 
 1 John Carlson             Oliver Ekman-Larsson                              35     1   2  2  
 2 Victor Hedman            Marc Staal                                        30     1   2  2  
 3 Jake Muzzin              Josh Manson                                       22     1   2  2  
 4 John Carlson             Oliver Ekman-Larsson                              13     1   2  2  

PowerPlay Forward 
   Center                   Left Wing                Right Wing               Time % Phy DF OF 
 1 Ryan Getzlaf             Alex Ovechkin            Blake Wheeler            60     1   2  2  
 2 Claude Giroux            Max Pacioretty           Jussi Jokinen            40     1   2  2  

PowerPlay Defense
   Defense                  Defense                                           Time % Phy DF OF 
 1 John Carlson             Oliver Ekman-Larsson                              60     1   2  2  
 2 Victor Hedman            Marc Staal                                        40     1   2  2  

Penalty Kill 4 Players Forward 
   Center                   Wing                     Time % Phy DF OF 
 1 Ryan Getzlaf             Jussi Jokinen            60     1   2  2  
 2 Jarret Stoll             Blake Wheeler            40     1   2  2  

Penalty Kill 4 Players Defense
   Defense                  Defense                  Time % Phy DF OF 
 1 John Carlson             Oliver Ekman-Larsson     60     1   2  2  
 2 Victor Hedman            Marc Staal               40     1   2  2  

Penalty Kill - 3 Players Forward 
   Forward                                           Time % Phy DF OF 
 1 Jarret Stoll                                      60     1   2  2  
 2 Ryan Getzlaf                                      40     1   2  2  

Penalty Kill - 3 Players Defense
   Defense                  Defense                  Time % Phy DF OF 
 1 John Carlson             Oliver Ekman-Larsson     60     1   2  2  
 2 Victor Hedman            Marc Staal               40     1   2  2  

4 vs 4 Forward 
   Center                   Wing                     Time % Phy DF OF 
 1 Alex Ovechkin            Ryan Getzlaf             60     1   2  2  
 2 Claude Giroux            Blake Wheeler            40     1   2  2  

4 vs 4 Defense
   Defense                  Defense                  Time % Phy DF OF 
 1 John Carlson             Oliver Ekman-Larsson     60     1   2  2  
 2 Victor Hedman            Marc Staal               40     1   2  2  

Last Minutes Offensive
   Center                   Left Wing                Right Wing               Defense                  Defense                  
   Ryan Getzlaf             Alex Ovechkin            Blake Wheeler            John Carlson             Oliver Ekman-Larsson     

Last Minutes Defensive
   Center                   Left Wing                Right Wing               Defense                  Defense                  
   Ryan Getzlaf             Alex Ovechkin            Blake Wheeler            John Carlson             Oliver Ekman-Larsson     

Goaltenders
Starting : Jonathan Quick           
Backup : Jake Allen               

Extra Forwards
Normal : John Tavares, Wayne Simmonds, Jarret Stoll - PP : John Tavares, Wayne Simmonds - PK : Jarret Stoll
Extra Defensemen
Normal : Jake Muzzin, Josh Manson, Victor Hedman - PP : Jake Muzzin - PK : Josh Manson, Victor Hedman
Penalty Shots
Alex Ovechkin, Ryan Getzlaf, Claude Giroux, Blake Wheeler, John Tavares

% Time on Ice - Predators

Lines # - Real PCT - Wanted PCT - Time Play
Normal Forward
1 - 32% - 25% - 11:57
2 - 20% - 25% - 7:16
3 - 30% - 25% - 11:06
4 - 18% - 25% - 6:48
Normal Defense
1 - 30% - 28% - 11:19
2 - 29% - 28% - 10:54
3 - 32% - 24% - 11:58
4 - 8% - 20% - 2:56
PP Forward
1 - 51% - 55% - 6:08
2 - 49% - 45% - 5:58
PP Defense
1 - 56% - 60% - 6:50
2 - 44% - 40% - 5:16
PK Forward
1 - 64% - 55% - 6:44
2 - 36% - 45% - 3:51
PK Defense
1 - 68% - 55% - 7:13
2 - 32% - 45% - 3:22
PK3 Forward
1 - 0% - 50%
2 - 0% - 50%
PK3 Defense
1 - 0% - 50%
2 - 0% - 50%
44 Forward
1 - 100% - 50% - 0:12
2 - 0% - 50% - 0:00
44 Defense
1 - 100% - 55% - 0:12
2 - 0% - 45% - 0:00
Last Minute Offensive  - 0:00
Last Minute Defensive  - 0:00
Total
Forward - 60:00
Defense - 60:00

% Time on Ice - Jets

Lines # - Real PCT - Wanted PCT - Time Play
Normal Forward
1 - 29% - 35% - 10:35
2 - 21% - 30% - 7:50
3 - 31% - 22% - 11:20
4 - 20% - 13% - 7:22
Normal Defense
1 - 38% - 35% - 14:09
2 - 27% - 30% - 10:06
3 - 32% - 22% - 12:01
4 - 2% - 13% - 0:51
PP Forward
1 - 45% - 60% - 4:47
2 - 55% - 40% - 5:48
PP Defense
1 - 51% - 60% - 5:24
2 - 49% - 40% - 5:11
PK Forward
1 - 70% - 60% - 7:23
2 - 30% - 40% - 3:08
PK Defense
1 - 50% - 60% - 5:13
2 - 50% - 40% - 5:18
PK3 Forward
1 - 64% - 60% - 1:01
2 - 36% - 40% - 0:34
PK3 Defense
1 - 54% - 60% - 0:51
2 - 46% - 40% - 0:44
44 Forward
1 - 100% - 60% - 0:12
2 - 0% - 40% - 0:00
44 Defense
1 - 100% - 60% - 0:12
2 - 0% - 40% - 0:00
Last Minute Offensive  - 0:00
Last Minute Defensive  - 0:00
Total
Forward - 60:00
Defense - 60:00

Play by Play

1st period


0:01 of 1st period - Patrice Bergeron wins face-off versus Ryan Getzlaf in neutral zone.
0:09 of 1st period - Icing by Oliver Ekman-Larsson.
0:10 of 1st period - Patrice Bergeron wins face-off versus Ryan Getzlaf in Jets zone.
1:19 of 1st period - Jussi Jokinen is hit by Valtteri Filppula.
1:26 of 1st period - Minor Penalty to Josh Manson for Holding.
1:27 of 1st period - Tomas Plekanec wins face-off versus Ryan Getzlaf in Jets zone.
1:50 of 1st period - Minor Penalty to Ryan Getzlaf for High sticking.
1:51 of 1st period - Jarret Stoll wins face-off versus Patrice Bergeron in Jets zone.
3:26 of 1st period - Penalty to Josh Manson is over, Josh Manson is back on ice.
3:48 of 1st period - Snap shot by Dan Boyle.
3:48 of 1st period - Shot Blocked by Jussi Jokinen.
3:50 of 1st period - Penalty to Ryan Getzlaf is over, Ryan Getzlaf is back on ice.
3:50 of 1st period - Wrist shot by Tomas Plekanec.
3:50 of 1st period - Stopped by Jonathan Quick with a rebound.
4:02 of 1st period - Marc Staal is hit by Cal Clutterbuck.
4:19 of 1st period - Wrist shot by Cal Clutterbuck.
4:19 of 1st period - Shot Blocked by Jussi Jokinen.
4:25 of 1st period - Backhand shot by Marcus Kruger.
4:25 of 1st period - Deflect By Cal Clutterbuck.
4:25 of 1st period - Stopped by Jonathan Quick without a rebound.
4:26 of 1st period - John Tavares wins face-off versus Tomas Plekanec in Jets zone.
4:48 of 1st period - Slapshot by John Tavares.
4:48 of 1st period - Deflect By Wayne Simmonds.
4:48 of 1st period - Shot Misses the Net.
4:48 of 1st period - Puck is out of play.
4:49 of 1st period - Marcus Kruger wins face-off versus Jarret Stoll in Predators zone.
4:49 of 1st period - Marcus Kruger is hit by Jarret Stoll.
5:18 of 1st period - Snap shot by Marcus Kruger.
5:18 of 1st period - Stopped by Jonathan Quick with a rebound.
5:36 of 1st period - Snap shot by John Tavares.
5:36 of 1st period - Shot Misses the Net.
5:47 of 1st period - Wrist shot by Colin Wilson.
5:47 of 1st period - Stopped by Jimmy Howard with a rebound.
5:49 of 1st period - Slapshot by Josh Manson.
5:49 of 1st period - Shot Misses the Net.
5:57 of 1st period - Wrist shot by John Tavares.
5:57 of 1st period - Stopped by Jimmy Howard without a rebound.
5:58 of 1st period - Ryan Getzlaf wins face-off versus Andrew Cogliano in Predators zone.
6:01 of 1st period - Wrist shot by Alex Ovechkin.
6:01 of 1st period - Shot Misses the Net.
6:03 of 1st period - Snap shot by Blake Wheeler.
6:03 of 1st period - Stopped by Jimmy Howard without a rebound.
6:04 of 1st period - Valtteri Filppula wins face-off versus Ryan Getzlaf in Predators zone.
6:04 of 1st period - Valtteri Filppula is hit by Alex Ovechkin.
6:20 of 1st period - Snap shot by Radim Vrbata.
6:20 of 1st period - Shot Blocked by Josh Manson.
6:57 of 1st period - Minor Penalty to Josh Manson for Tripping.
6:58 of 1st period - Tomas Plekanec wins face-off versus Ryan Getzlaf in Jets zone.
7:06 of 1st period - Snap shot by Evander Kane.
7:06 of 1st period - Stopped by Jonathan Quick without a rebound.
7:07 of 1st period - Tomas Plekanec wins face-off versus Ryan Getzlaf in Jets zone.
7:43 of 1st period - Off-side.
7:44 of 1st period - Jarret Stoll wins face-off versus Patrice Bergeron in neutral zone.
8:04 of 1st period - Slapshot by Trevor Daley.
8:04 of 1st period - Shot Blocked by Victor Hedman.
8:06 of 1st period - Slapshot by Roman Josi.
8:06 of 1st period - Shot Blocked by Victor Hedman.
8:08 of 1st period - Slapshot by Valtteri Filppula.
8:08 of 1st period - Shot Hit the Post.
8:10 of 1st period - Slapshot by Valtteri Filppula.
8:10 of 1st period - Stopped by Jonathan Quick without a rebound.
8:11 of 1st period - Tomas Plekanec wins face-off versus Ryan Getzlaf in Jets zone.
8:12 of 1st period - Wrist shot by Evander Kane.
8:12 of 1st period - Shot Misses the Net.
8:14 of 1st period - Snap shot by Evander Kane.
8:14 of 1st period - Shot Misses the Net.
8:16 of 1st period - Wrist shot by Tomas Plekanec.
8:16 of 1st period - Shot Blocked by Ryan Getzlaf.
8:18 of 1st period - Slapshot by Roman Josi.
8:18 of 1st period - Deflect By Oliver Ekman-Larsson.
8:18 of 1st period - Stopped by Jonathan Quick with a rebound.
8:20 of 1st period - Slapshot by Roman Josi.
8:20 of 1st period - Shot Blocked by Ryan Getzlaf.
8:22 of 1st period - Wrist shot by Evander Kane.
8:22 of 1st period - Shot Misses the Net.
8:24 of 1st period - Slapshot by Trevor Daley.
8:24 of 1st period - Shot Blocked by Oliver Ekman-Larsson.
8:55 of 1st period - Oliver Ekman-Larsson is hit by Patrice Bergeron and loses puck.
8:57 of 1st period - Penalty to Josh Manson is over, Josh Manson is back on ice.
9:22 of 1st period - Wrist shot by Colin Wilson.
9:22 of 1st period - Shot Misses the Net.
9:24 of 1st period - Slapshot by Victor Hedman.
9:24 of 1st period - Deflect By John Tavares.
9:24 of 1st period - Stopped by Jimmy Howard with a rebound.
9:26 of 1st period - Slapshot by Wayne Simmonds.
9:26 of 1st period - Goal by Wayne Simmonds - Predators : 0 - Jets : 1.
9:27 of 1st period - John Tavares wins face-off versus Marcus Kruger in neutral zone.
9:36 of 1st period - Slapshot by John Tavares.
9:36 of 1st period - Shot Misses the Net.
9:46 of 1st period - Snap shot by Nikolay Kulemin.
9:46 of 1st period - Stopped by Jonathan Quick with a rebound.
11:07 of 1st period - Slapshot by Oliver Ekman-Larsson.
11:07 of 1st period - Shot Misses the Net.
11:19 of 1st period - Dennis Seidenberg is hit by Oliver Ekman-Larsson and loses puck.
12:21 of 1st period - Wrist shot by Alex Ovechkin.
12:21 of 1st period - Stopped by Jimmy Howard without a rebound.
12:22 of 1st period - Marcus Kruger wins face-off versus Claude Giroux in Predators zone.
12:31 of 1st period - Nikolay Kulemin is hit by Max Pacioretty and loses puck.
12:46 of 1st period - Wrist shot by Cal Clutterbuck.
12:46 of 1st period - Stopped by Jonathan Quick without a rebound.
12:47 of 1st period - John Tavares wins face-off versus Patrice Bergeron in Jets zone.
13:04 of 1st period - Wrist shot by Evander Kane.
13:04 of 1st period - Stopped by Jonathan Quick with a rebound.
13:20 of 1st period - Minor Penalty to John Tavares for Roughing.
13:21 of 1st period - Ryan Getzlaf wins face-off versus Patrice Bergeron in Jets zone.
13:53 of 1st period - Backhand shot by Tomas Plekanec.
13:53 of 1st period - Shot Misses the Net.
13:55 of 1st period - Slapshot by Tomas Hertl.
13:55 of 1st period - Stopped by Jonathan Quick with a rebound.
14:41 of 1st period - Slapshot by Blake Wheeler.
14:41 of 1st period - Shot Blocked by Trevor Daley.
14:47 of 1st period - Snap shot by Jarret Stoll.
14:47 of 1st period - Stopped by Jimmy Howard with a rebound.
15:07 of 1st period - Minor Penalty to Roman Josi for Hooking.
15:08 of 1st period - Tomas Plekanec wins face-off versus Alex Ovechkin in Predators zone.
15:08 of 1st period - Tomas Plekanec is hit by Ryan Getzlaf.
15:20 of 1st period - Penalty to John Tavares is over, John Tavares is back on ice.
16:07 of 1st period - Wrist shot by Max Pacioretty.
16:07 of 1st period - Shot Blocked by Trevor Daley.
16:09 of 1st period - Snap shot by Marc Staal.
16:09 of 1st period - Goal by Marc Staal - Predators : 0 - Jets : 2.
16:10 of 1st period - Marcus Kruger wins face-off versus Colin Wilson in neutral zone.
17:08 of 1st period - Minor Penalty to Jarret Stoll for Interference.
17:09 of 1st period - Ryan Getzlaf wins face-off versus Tomas Plekanec in Jets zone.
17:45 of 1st period - Wrist shot by Ryan Getzlaf.
17:45 of 1st period - Stopped by Jimmy Howard without a rebound.
17:46 of 1st period - Patrice Bergeron wins face-off versus Ryan Getzlaf in Predators zone.
17:55 of 1st period - Snap shot by Radim Vrbata.
17:55 of 1st period - Shot Misses the Net.
17:57 of 1st period - Slapshot by Roman Josi.
17:57 of 1st period - Shot Misses the Net.
17:59 of 1st period - Slapshot by Patrice Bergeron.
17:59 of 1st period - Deflect By Radim Vrbata.
17:59 of 1st period - Shot Misses the Net.
17:59 of 1st period - Puck is out of play.
18:00 of 1st period - Patrice Bergeron wins face-off versus Ryan Getzlaf in Jets zone.
18:31 of 1st period - Blake Wheeler is hit by Patrice Bergeron and loses puck.
19:01 of 1st period - Roman Josi is hit by Ryan Getzlaf.
19:07 of 1st period - Wrist shot by Ryan Getzlaf.
19:07 of 1st period - Stopped by Jimmy Howard with a rebound.
19:08 of 1st period - Penalty to Jarret Stoll is over, Jarret Stoll is back on ice.
19:20 of 1st period - Roman Josi is hit by Oliver Ekman-Larsson and loses puck.
Goals for this period are 0 for Predators vs 2 for Jets.
Shots for this period are 10 for Predators vs 10 for Jets.

2nd period


0:01 of 2nd period - Tomas Plekanec wins face-off versus Claude Giroux in neutral zone.
0:06 of 2nd period - Snap shot by Valtteri Filppula.
0:06 of 2nd period - Stopped by Jonathan Quick with a rebound.
0:08 of 2nd period - Slapshot by Trevor Daley.
0:08 of 2nd period - Goal by Trevor Daley - Predators : 1 - Jets : 2.
0:09 of 2nd period - Tomas Plekanec wins face-off versus Claude Giroux in neutral zone.
1:15 of 2nd period - Josh Manson is hit by Evander Kane and loses puck.
1:40 of 2nd period - Slapshot by Dan Boyle.
1:40 of 2nd period - Deflect By Josh Manson.
1:40 of 2nd period - Stopped by Jonathan Quick with a rebound.
1:42 of 2nd period - Slapshot by Dan Boyle.
1:42 of 2nd period - Stopped by Jonathan Quick with a rebound.
1:44 of 2nd period - Snap shot by Marcus Kruger.
1:44 of 2nd period - Shot Misses the Net.
1:46 of 2nd period - Slapshot by Danny DeKeyser.
1:46 of 2nd period - Stopped by Jonathan Quick with a rebound.
1:48 of 2nd period - Slapshot by Danny DeKeyser.
1:48 of 2nd period - Shot Blocked by Jake Muzzin.
1:50 of 2nd period - Wrist shot by Danny DeKeyser.
1:50 of 2nd period - Shot Misses the Net.
1:52 of 2nd period - Snap shot by Nikolay Kulemin.
1:52 of 2nd period - Shot Misses the Net.
1:54 of 2nd period - Slapshot by Dan Boyle.
1:54 of 2nd period - Deflect By Marcus Kruger.
1:54 of 2nd period - Shot Blocked by Jake Muzzin.
1:54 of 2nd period - Puck is out of play.
1:55 of 2nd period - Jarret Stoll wins face-off versus Valtteri Filppula in Jets zone.
1:57 of 2nd period - Minor Penalty to Jarret Stoll for Hooking.
1:58 of 2nd period - Ryan Getzlaf wins face-off versus Patrice Bergeron in Jets zone.
2:10 of 2nd period - Snap shot by Radim Vrbata.
2:10 of 2nd period - Shot Misses the Net.
2:12 of 2nd period - Slapshot by Trevor Daley.
2:12 of 2nd period - Shot Blocked by Jussi Jokinen.
2:14 of 2nd period - Slapshot by Trevor Daley.
2:14 of 2nd period - Shot Blocked by John Carlson.
2:16 of 2nd period - Snap shot by Radim Vrbata.
2:16 of 2nd period - Stopped by Jonathan Quick with a rebound.
2:46 of 2nd period - Blake Wheeler is hit by Evander Kane and loses puck.
3:57 of 2nd period - Penalty to Jarret Stoll is over, Jarret Stoll is back on ice.
4:36 of 2nd period - Slapshot by Wayne Simmonds.
4:36 of 2nd period - Shot Blocked by Roman Josi.
4:42 of 2nd period - Snap shot by Colin Wilson.
4:42 of 2nd period - Stopped by Jimmy Howard without a rebound.
4:43 of 2nd period - Marcus Kruger wins face-off versus Jarret Stoll in Predators zone.
5:02 of 2nd period - Snap shot by Marcus Kruger.
5:02 of 2nd period - Stopped by Jonathan Quick with a rebound.
5:19 of 2nd period - Wrist shot by Filip Forsberg.
5:19 of 2nd period - Shot Blocked by Danny DeKeyser.
5:25 of 2nd period - Minor Penalty to Marcus Kruger for Hooking.
5:26 of 2nd period - Tomas Plekanec wins face-off versus Claude Giroux in Predators zone.
5:51 of 2nd period - Snap shot by Claude Giroux.
5:51 of 2nd period - Shot Blocked by Nick Schultz.
5:58 of 2nd period - Icing by Jussi Jokinen.
5:59 of 2nd period - Claude Giroux wins face-off versus Tomas Plekanec in Jets zone.
6:04 of 2nd period - Snap shot by Max Pacioretty.
6:04 of 2nd period - Goal by Max Pacioretty - Predators : 1 - Jets : 3.
6:05 of 2nd period - Ryan Getzlaf wins face-off versus Marcus Kruger in neutral zone.
6:53 of 2nd period - Off-side.
6:54 of 2nd period - Claude Giroux wins face-off versus Radim Vrbata in neutral zone.
7:27 of 2nd period - Nick Schultz is hit by Max Pacioretty and loses puck.
7:46 of 2nd period - Roman Josi is hit by Wayne Simmonds and loses puck.
7:53 of 2nd period - Dan Boyle is hit by Wayne Simmonds and loses puck.
8:33 of 2nd period - Minor Penalty to Evander Kane for Slashing.
8:34 of 2nd period - Tomas Plekanec wins face-off versus Alex Ovechkin in Predators zone.
9:26 of 2nd period - Roman Josi is hit by Max Pacioretty and loses puck.
9:41 of 2nd period - Snap shot by Max Pacioretty.
9:41 of 2nd period - Deflect By Claude Giroux.
9:41 of 2nd period - Shot Blocked by Nick Schultz.
9:41 of 2nd period - Puck is out of play.
9:42 of 2nd period - Claude Giroux wins face-off versus Marcus Kruger in Predators zone.
10:08 of 2nd period - Marcus Kruger is hit by Claude Giroux and loses puck.
10:33 of 2nd period - Penalty to Evander Kane is over, Evander Kane is back on ice.
10:45 of 2nd period - John Carlson is hit by Evander Kane.
11:03 of 2nd period - Minor Penalty to Evander Kane for Tripping.
11:04 of 2nd period - Tomas Plekanec wins face-off versus Blake Wheeler in Predators zone.
11:53 of 2nd period - Claude Giroux is hit by Nikolay Kulemin and loses puck.
12:08 of 2nd period - Slapshot by Trevor Daley.
12:08 of 2nd period - Stopped by Jonathan Quick with a rebound.
12:52 of 2nd period - Wrist shot by Claude Giroux.
12:52 of 2nd period - Shot Misses the Net.
12:54 of 2nd period - Slapshot by John Carlson.
12:54 of 2nd period - Shot Misses the Net.
13:03 of 2nd period - Penalty to Evander Kane is over, Evander Kane is back on ice.
13:12 of 2nd period - Snap shot by Alex Ovechkin.
13:12 of 2nd period - Shot Misses the Net.
13:46 of 2nd period - Wrist shot by John Tavares.
13:46 of 2nd period - Shot Misses the Net.
13:56 of 2nd period - Snap shot by John Tavares.
13:56 of 2nd period - Shot Blocked by Nick Schultz.
14:10 of 2nd period - Eric Fehr is hit by Wayne Simmonds.
14:28 of 2nd period - Wrist shot by Derek Roy.
14:28 of 2nd period - Shot Misses the Net.
14:30 of 2nd period - Slapshot by Marc Staal.
14:30 of 2nd period - Shot Misses the Net.
14:50 of 2nd period - Jarret Stoll is hit by Marcus Kruger and loses puck.
15:09 of 2nd period - Minor Penalty to Filip Forsberg for Cross-checking.
15:10 of 2nd period - Ryan Getzlaf wins face-off versus Patrice Bergeron in Jets zone.
15:10 of 2nd period - Ryan Getzlaf is hit by Patrice Bergeron.
16:28 of 2nd period - Jarret Stoll is hit by Roman Josi and loses puck.
17:06 of 2nd period - Off-side.
17:07 of 2nd period - Jarret Stoll wins face-off versus Patrice Bergeron in neutral zone.
17:09 of 2nd period - Penalty to Filip Forsberg is over, Filip Forsberg is back on ice.
18:00 of 2nd period - Trevor Daley is hit by Wayne Simmonds and loses puck.
18:31 of 2nd period - Snap shot by Max Pacioretty.
18:31 of 2nd period - Shot Misses the Net.
18:43 of 2nd period - Jake Muzzin is hit by Evander Kane and loses puck.
18:56 of 2nd period - Backhand shot by Valtteri Filppula.
18:56 of 2nd period - Stopped by Jonathan Quick without a rebound.
18:57 of 2nd period - Derek Roy wins face-off versus Radim Vrbata in Jets zone.
19:02 of 2nd period - Snap shot by Filip Forsberg.
19:02 of 2nd period - Shot Misses the Net.
19:30 of 2nd period - Roman Josi is hit by Alex Ovechkin and loses puck.
19:45 of 2nd period - John Carlson is hit by Nikolay Kulemin and loses puck.
Goals for this period are 1 for Predators vs 1 for Jets.
Shots for this period are 9 for Predators vs 2 for Jets.

3rd period


0:01 of 3rd period - Tomas Plekanec wins face-off versus Ryan Getzlaf in neutral zone.
0:24 of 3rd period - Wrist shot by Alex Ovechkin.
0:24 of 3rd period - Shot Misses the Net.
0:29 of 3rd period - Off-side.
0:30 of 3rd period - Patrice Bergeron wins face-off versus Claude Giroux in neutral zone.
0:33 of 3rd period - John Carlson is hit by Dan Boyle and loses puck.
0:44 of 3rd period - Wrist shot by Max Pacioretty.
0:44 of 3rd period - Stopped by Jimmy Howard with a rebound.
0:46 of 3rd period - Wrist shot by Jussi Jokinen.
0:46 of 3rd period - Stopped by Jimmy Howard with a rebound.
0:48 of 3rd period - Wrist shot by Max Pacioretty.
0:48 of 3rd period - Shot Blocked by Danny DeKeyser.
0:58 of 3rd period - Slapshot by Claude Giroux.
0:58 of 3rd period - Shot Misses the Net.
1:24 of 3rd period - Patrice Bergeron is hit by Wayne Simmonds and loses puck.
1:33 of 3rd period - Snap shot by Wayne Simmonds.
1:33 of 3rd period - Stopped by Jimmy Howard with a rebound.
2:01 of 3rd period - Wrist shot by Valtteri Filppula.
2:01 of 3rd period - Shot Blocked by Marc Staal.
2:03 of 3rd period - Snap shot by Trevor Daley.
2:03 of 3rd period - Stopped by Jonathan Quick without a rebound.
2:04 of 3rd period - Blake Wheeler wins face-off versus Marcus Kruger in Jets zone.
2:09 of 3rd period - Trevor Daley is hit by Alex Ovechkin and loses puck.
2:18 of 3rd period - Snap shot by Alex Ovechkin.
2:18 of 3rd period - Shot Misses the Net.
3:03 of 3rd period - Nick Schultz is hit by Josh Manson and loses puck.
3:22 of 3rd period - Dan Boyle is hit by Jake Muzzin and loses puck.
4:21 of 3rd period - Snap shot by Patrice Bergeron.
4:21 of 3rd period - Shot Misses the Net.
4:23 of 3rd period - Slapshot by Nick Schultz.
4:23 of 3rd period - Shot Misses the Net.
4:25 of 3rd period - Snap shot by Roman Josi.
4:25 of 3rd period - Shot Misses the Net.
4:27 of 3rd period - Slapshot by Nick Schultz.
4:27 of 3rd period - Stopped by Jonathan Quick with a rebound.
4:29 of 3rd period - Wrist shot by Evander Kane.
4:29 of 3rd period - Goal by Evander Kane - Predators : 2 - Jets : 3.
4:30 of 3rd period - Ryan Getzlaf wins face-off versus Marcus Kruger in neutral zone.
4:35 of 3rd period - Snap shot by Blake Wheeler.
4:35 of 3rd period - Shot Misses the Net.
4:53 of 3rd period - Victor Hedman is hit by Cal Clutterbuck and loses puck.
6:16 of 3rd period - Minor Penalty to Dan Boyle for High sticking.
6:17 of 3rd period - Tomas Plekanec wins face-off versus Ryan Getzlaf in Predators zone.
6:59 of 3rd period - Nick Schultz is hit by Max Pacioretty and loses puck.
7:26 of 3rd period - Marc Staal is hit by Roman Josi and loses puck.
7:33 of 3rd period - Slapshot by Victor Hedman.
7:33 of 3rd period - Stopped by Jimmy Howard with a rebound.
7:37 of 3rd period - Wrist shot by Alex Ovechkin.
7:37 of 3rd period - Stopped by Jimmy Howard with a rebound.
7:39 of 3rd period - Snap shot by Ryan Getzlaf.
7:39 of 3rd period - Stopped by Jimmy Howard without a rebound.
7:40 of 3rd period - Ryan Getzlaf wins face-off versus Marcus Kruger in Predators zone.
8:16 of 3rd period - Penalty to Dan Boyle is over, Dan Boyle is back on ice.
8:50 of 3rd period - Oliver Ekman-Larsson is hit by Evander Kane and loses puck.
9:25 of 3rd period - Wrist shot by Radim Vrbata.
9:25 of 3rd period - Stopped by Jonathan Quick with a rebound.
9:33 of 3rd period - Danny DeKeyser is hit by Jarret Stoll and loses puck.
9:42 of 3rd period - Jake Muzzin is hit by Danny DeKeyser and loses puck.
11:15 of 3rd period - Wrist shot by Patrice Bergeron.
11:15 of 3rd period - Shot Misses the Net.
11:17 of 3rd period - Slapshot by Dennis Seidenberg.
11:17 of 3rd period - Shot Misses the Net.
11:19 of 3rd period - Backhand shot by Evander Kane.
11:19 of 3rd period - Shot Misses the Net.
11:35 of 3rd period - Wrist shot by Filip Forsberg.
11:35 of 3rd period - Stopped by Jimmy Howard with a rebound.
11:41 of 3rd period - Jarret Stoll is hit by Valtteri Filppula.
12:03 of 3rd period - Slapshot by Roman Josi.
12:03 of 3rd period - Stopped by Jonathan Quick without a rebound.
12:04 of 3rd period - Marcus Kruger wins face-off versus Claude Giroux in Jets zone.
12:37 of 3rd period - Oliver Ekman-Larsson is hit by Evander Kane and loses puck.
12:59 of 3rd period - Slapshot by Wayne Simmonds.
12:59 of 3rd period - Stopped by Jimmy Howard with a rebound.
13:01 of 3rd period - Wrist shot by Wayne Simmonds.
13:01 of 3rd period - Goal by Wayne Simmonds - Predators : 2 - Jets : 4.
13:02 of 3rd period - Jarret Stoll wins face-off versus Marcus Kruger in neutral zone.
13:15 of 3rd period - Slapshot by Trevor Daley.
13:15 of 3rd period - Shot Misses the Net.
13:17 of 3rd period - Slapshot by Dennis Seidenberg.
13:17 of 3rd period - Stopped by Jonathan Quick with a rebound.
13:49 of 3rd period - Alex Ovechkin is hit by Evander Kane.
13:55 of 3rd period - Wrist shot by Blake Wheeler.
13:55 of 3rd period - Deflect By Evander Kane.
13:55 of 3rd period - Shot Blocked by Evander Kane.
13:55 of 3rd period - Puck is out of play.
13:56 of 3rd period - Ryan Getzlaf wins face-off versus Tomas Plekanec in Predators zone.
13:57 of 3rd period - Wrist shot by Alex Ovechkin.
13:57 of 3rd period - Deflect By Ryan Getzlaf.
13:57 of 3rd period - Shot Misses the Net.
13:57 of 3rd period - Puck is out of play.
13:58 of 3rd period - Alex Ovechkin wins face-off versus Tomas Plekanec in Predators zone.
14:25 of 3rd period - Double Minor Penalty to Nick Schultz for Roughing.
14:26 of 3rd period - Claude Giroux wins face-off versus Tomas Plekanec in Predators zone.
14:27 of 3rd period - Snap shot by Max Pacioretty.
14:27 of 3rd period - Shot Misses the Net.
14:29 of 3rd period - Slapshot by Oliver Ekman-Larsson.
14:29 of 3rd period - Shot Misses the Net.
14:31 of 3rd period - Wrist shot by Jussi Jokinen.
14:31 of 3rd period - Deflect By Max Pacioretty.
14:31 of 3rd period - Shot Misses the Net.
14:31 of 3rd period - Puck is out of play.
14:32 of 3rd period - Claude Giroux wins face-off versus Tomas Plekanec in Predators zone.
14:47 of 3rd period - Snap shot by Max Pacioretty.
14:47 of 3rd period - Shot Blocked by Danny DeKeyser.
14:49 of 3rd period - Snap shot by Claude Giroux.
14:49 of 3rd period - Deflect By Max Pacioretty.
14:49 of 3rd period - Stopped by Jimmy Howard with a rebound.
15:26 of 3rd period - Roman Josi is hit by Alex Ovechkin and loses puck.
15:35 of 3rd period - Wrist shot by Alex Ovechkin.
15:35 of 3rd period - Goal by Alex Ovechkin - Predators : 2 - Jets : 5.
15:36 of 3rd period - Tomas Plekanec wins face-off versus Ryan Getzlaf in neutral zone.
15:41 of 3rd period - Icing by Alex Ovechkin.
15:42 of 3rd period - Tomas Plekanec wins face-off versus Ryan Getzlaf in Jets zone.
16:36 of 3rd period - Trevor Daley is hit by Claude Giroux and loses puck.
16:57 of 3rd period - Wrist shot by Marcus Kruger.
16:57 of 3rd period - Stopped by Jonathan Quick with a rebound.
16:59 of 3rd period - Snap shot by Nikolay Kulemin.
16:59 of 3rd period - Stopped by Jonathan Quick with a rebound.
17:01 of 3rd period - Snap shot by Marcus Kruger.
17:01 of 3rd period - Shot Misses the Net.
17:35 of 3rd period - Penalty to Nick Schultz is over, Nick Schultz is back on ice.
17:42 of 3rd period - Slapshot by Alex Ovechkin.
17:42 of 3rd period - Stopped by Jimmy Howard with a rebound.
17:54 of 3rd period - Colin Wilson is hit by Roman Josi.
18:06 of 3rd period - John Carlson is hit by Evander Kane and loses puck.
19:06 of 3rd period - Wrist shot by Filip Forsberg.
19:06 of 3rd period - Shot Misses the Net.
19:13 of 3rd period - Icing by Marcus Kruger.
19:14 of 3rd period - Marcus Kruger wins face-off versus Ryan Getzlaf in Predators zone.
19:43 of 3rd period - Jake Muzzin is hit by Radim Vrbata.
Goals for this period are 1 for Predators vs 2 for Jets.
Shots for this period are 8 for Predators vs 12 for Jets.